 Dungeon Crawl Stone Soup version 0.20.1-1-g8b1a95d (webtiles) character file.

2656 iiro the Grappler (level 9, 80/80 HPs)
             Began as a Troll Monk on July 25, 2017.
             Was a Priest of Makhleb.
             Quit the game on level 7 of the Dungeon.
             The game lasted 00:11:05 (4120 turns).

iiro the Grappler (Troll Monk)                      Turns: 4120, Time: 00:11:06

Health: 80/80      AC:  5    Str: 29    XL:     9   Next: 36%
Magic:  8/8        EV: 10    Int:  6    God:    Makhleb [***...]
Gold:   280        SH:  0    Dex:  7    Spells: 8/8 levels left

rFire    + . .     SeeInvis +     - Unarmed
rCold    . . .     Gourm    +   (no shield)
rNeg     . . .     Faith    .   c - +0 robe of Decompression {rF+ rCorr Slay-2 SInv} (curse)
rPois    .         Spirit   .   (helmet restricted)
rElec    .         Reflect  .   (no cloak)
rCorr    +         Harm     .   (gloves unavailable)
MR       .....                  (boots unavailable)
Stlth    +.........             y - amulet of inaccuracy (curse)
Regen    0.7/turn               w - +5 ring of strength
MPRegen  0.2/turn               q - -5 ring of dexterity (curse)

@: no status effects
A: unfitting armour, claws 3, fast metabolism 3, gourmand, regeneration 1,
shaggy fur 1, tough skin 2
a: Minor Destruction, Lesser Servant of Makhleb, Renounce Religion


You were on level 7 of the Dungeon.
You worshipped Makhleb.
Makhleb was most pleased with you.
You were not hungry.

You visited 1 branch of the dungeon, and saw 6 of its levels.

You collected 451 gold pieces.
You spent 171 gold pieces at shops.

Inventory:

Hand Weapons
 I - the +2 flail of Courage {pain, +Rage rElec rC+ Str+3}
   (You found it on level 7 of the Dungeon)

   In the hands of one skilled in necromantic magic, it inflicts extra damage on
   living creatures.
   It affects your strength (+3).
   It protects you from cold.
   It insulates you from electricity.
   It lets you go berserk.
Armour
 a - a +0 robe
 c - the cursed +0 robe of Decompression (worn) {rF+ rCorr Slay-2 SInv}
   (You bought it in a shop on level 7 of the Dungeon)

   It affects your accuracy and damage with ranged weapons and melee attacks
   (-2).
   It protects you from fire.
   It lets you see invisible.
   It protects you from acid and corrosion.
   It has a curse placed upon it.
Jewellery
 d - an uncursed amulet of the gourmand
 e - a +3 ring of protection
 j - an uncursed ring of protection from fire
 m - a +1 ring of slaying
 q - a cursed -5 ring of dexterity (right claw)
 w - a +5 ring of strength (left claw)
 y - a cursed amulet of inaccuracy (around neck)
 B - an uncursed ring of ice
Wands
 p - a wand of disintegration (11/24)
 u - a wand of flame (25/48)
 H - a wand of lightning (9/15)
Scrolls
 h - 3 scrolls of immolation
 v - 3 scrolls of teleportation
Potions
 f - 3 potions of brilliance
 g - a potion of degeneration {unknown}
 i - 2 potions of curing {unknown}
 k - a potion of cancellation
 n - 2 potions of berserk rage
 t - a potion of resistance
 x - a potion of flight
 z - a potion of haste
 A - a potion of mutation {unknown}
Books
 s - a book of Misfortune

   Spells                             Type                      Level
   a - Confusing Touch                Hexes                        1
   b - Confuse                        Hexes                        3
   c - Gell's Gravitas                Translocation                3
   d - Petrify                        Transmutation/Earth          4
   e - Metabolic Englaciation         Hexes/Ice                    5
   f - Yara's Violent Unravelling     Hexes/Transmutation          5
 F - a book of Changes

   Spells                             Type                      Level
   a - Beastly Appendage              Transmutation                1
   b - Sticks to Snakes               Transmutation                2
   c - Spider Form                    Transmutation/Poison         3
   d - Ice Form                       Ice/Transmutation            4
   e - Blade Hands                    Transmutation                5
Comestibles
 b - a bread ration
 o - 3 meat rations
 r - 3 royal jellies


   Skills:
 - Level 2.4 Fighting
 - Level 2.4 Dodging
 - Level 1.0 Stealth
 + Level 12.8 Unarmed Combat


You had 8 spell levels left.
You didn't know any spells.

Dungeon Overview and Level Annotations

Branches:
Dungeon (7/15)             Temple (0/1) D:6

Altars:
Dithmenos
Elyvilon
Gozag
Hepliaklqana
Kikubaaqudgha
Makhleb
Nemelex Xobeh
Okawaru
Trog
Uskayaw
Vehumet

Shops:
D:4 (   D:5 :([[(   D:7 [


Innate Abilities, Weirdness & Mutations

You are too large for most types of armour.
You have claws for hands.
Your metabolism is lightning-fast.
You like to eat raw meat.
Your natural rate of healing is unusually fast.
You are covered in fur. (AC +1)
You have very tough skin. (AC +2)


Message History

The crimson imp blinks!
Found 5 gold pieces.
No target in view!
Found an ancient bone altar of Kikubaaqudgha and a shadowy altar of Dithmenos.
The crimson imp barely misses you.
You closely miss the crimson imp.
The crimson imp hits you but does no damage.
You mangle the crimson imp!!
You kill the crimson imp!
Makhleb accepts your kill.
There is an entrance to Kune Veu's Antique Armour Shoppe here.
c - an opalescent robe Thank you for shopping at Kune Veu's Antique Armour Shoppe!
You start removing your armour.
You continue taking off your +0 robe. x4
You finish taking off your +0 robe.
You start putting on your armour.
You continue putting on your opalescent robe. x5
You finish putting on the cursed +0 robe of Decompression {rF+ rCorr Slay-2 SInv}.
Oops, that feels deathly cold.
Are you sure you want to abandon this character and quit the game? (Confirm with "yes".)

*,,,,,,,***,,**** *,,,,*
*,,,,,,,* #.....# *,,,,*
##,,,,,,,* #.....# *,,,,*
.#,,,,,,,* #._8_.#**,,,,**
.#,,,,.,,*##.....#,,,,,,,*
.#****#.**#......#,*****,*
.######.#*#......#,#,,,*,*
.........##......#.#.#,*,*
.######.........@....#,*+**
.#######..#......#.#.#,,,,*
..................$..,>,,,*
.########.#........#.#,,,,*
)### #.[######..#,#,*+*****
...#######.######..#,*,,,,,,,*
.....................,,,,,,,,*
.......###.######..#.*,,,,,,,*
.......# #..# *,,*,,,,,,,,,*


There were no monsters in sight!

Vanquished Creatures
  Pikel (D:6)
  A sky beast (D:6)
  2 slaves (D:6)
  An orc warrior (D:7)
  A hornet zombie (D:7)
  A phantom (D:5)
  2 ogres (D:5)
  2 centaurs
  A big kobold (D:4)
  2 bullfrogs (D:6)
  2 scorpions (D:5)
  6 crimson imps
  3 jellies (D:4)
  2 hounds (D:7)
  An iron imp (D:4)
  A bullfrog zombie (D:6)
  2 bullfrog skeletons
  Terence (D:2)
  3 worker ants
  5 orc wizards
  A hound skeleton (D:4)
  A worker ant zombie (D:6)
  A gnoll (D:1)
  5 adders
  A shadow imp (D:7)
  7 oozes (D:4)
  3 dart slugs
  6 leopard geckos
  11 orcs
  3 ball pythons
  A bat (D:1)
  2 giant cockroaches
  5 goblins
  6 hobgoblins
  2 jackals (D:6)
  2 quokkas
  5 frilled lizards
  13 kobolds
  6 rats
121 creatures vanquished.

Vanquished Creatures (collateral kills)
  The ghost of ReignOfFire the Slasher, a novice DsGl (D:6)
  A worker ant (D:6)
2 creatures vanquished.

Vanquished Creatures (others)
  An ice beast (D:6)
  8 toadstools (D:4)
9 creatures vanquished.

Grand Total: 132 creatures vanquished

Notes
Turn   | Place    | Note
-------+----------+-------------------------------------------
     0 | D:1      | iiro the Troll Monk began the quest for the Orb.
     0 | D:1      | Reached XP level 1. HP: 22/22 MP: 0/0
    30 | D:1      | Reached XP level 2. HP: 27/29 MP: 1/1
   101 | D:1      | Reached skill level 4 in Unarmed Combat
   320 | D:1      | Reached XP level 3. HP: 36/36 MP: 2/2
   607 | D:2      | Found a radiant altar of Vehumet.
   622 | D:2      | Noticed Terence
   625 | D:2      | Killed Terence
   774 | D:2      | Reached skill level 5 in Unarmed Combat
   774 | D:2      | Reached XP level 4. HP: 44/44 MP: 3/3
  1099 | D:2      | Found a hazy altar of Hepliaklqana.
  1164 | D:2      | You fall through a shaft for 2 floors!
  1164 | D:4      | Found Efued's Antique Weapon Boutique.
  1181 | D:4      | Found a burning altar of Makhleb.
  1190 | D:4      | Became a worshipper of Makhleb the Destroyer
  1190 | D:4      | Reached * piety under Makhleb
  1190 | D:4      | Reached ** piety under Makhleb
  1277 | D:4      | Reached skill level 6 in Unarmed Combat
  1277 | D:4      | Reached XP level 5. HP: 34/50 MP: 4/4
  1421 | D:4      | Reached XP level 6. HP: 54/59 MP: 5/5
  1461 | D:4      | Reached skill level 7 in Unarmed Combat
  1548 | D:4      | Found a white marble altar of Elyvilon.
  1948 | D:4      | Found an opulent altar of Gozag.
  1958 | D:4      | Reached skill level 8 in Unarmed Combat
  1958 | D:4      | Reached XP level 7. HP: 66/66 MP: 6/6
  2091 | D:5      | Entered Level 5 of the Dungeon
  2119 | D:5      | Found Ohui's Antique Armour Shoppe.
  2312 | D:5      | Found Faessel's Antique Armour Shoppe.
  2329 | D:5      | Found a bloodstained altar of Trog.
  2350 | D:5      | Reached *** piety under Makhleb
  2384 | D:5      | Reached skill level 9 in Unarmed Combat
  2608 | D:5      | Found Otrogig's Antique Weapon Emporium.
  2704 | D:5      | Found Ossorusa's Antique Weapon Shoppe.
  2709 | D:5      | Found Cahutiawk's Book Shop.
  2762 | D:5      | Reached XP level 8. HP: 74/74 MP: 7/7
  2939 | D:6      | Reached skill level 10 in Unarmed Combat
  2970 | D:6      | Noticed ReignOfFire's ghost (novice DsGl)
  2991 | D:6      | Killed ReignOfFire's ghost
  2991 | D:6      | Reached skill level 11 in Unarmed Combat
  3177 | D:6      | Found a hide-covered altar of Uskayaw.
  3177 | D:6      | Found an iron altar of Okawaru.
  3178 | D:6      | Found a sparkling altar of Nemelex Xobeh.
  3228 | D:6      | Noticed Pikel
  3244 | D:6      | Killed Pikel
  3244 | D:6      | Reached skill level 12 in Unarmed Combat
  3244 | D:6      | Reached XP level 9. HP: 80/80 MP: 8/8
  3300 | D:6      | Found a staircase to the Ecumenical Temple.
  3889 | D:7      | Got a dazzling flail
  3890 | D:7      | Identified the cursed +2 flail of Courage {pain, +Rage rElec rC+ Str+3} (You found it on level 7 of the Dungeon)
  4097 | D:7      | Found Kune Veu's Antique Armour Shoppe.
  4101 | D:7      | Found an ancient bone altar of Kikubaaqudgha.
  4101 | D:7      | Found a shadowy altar of Dithmenos.
  4110 | D:7      | Bought an opalescent robe for 171 gold pieces
  4120 | D:7      | Identified the cursed +0 robe of Decompression {rF+ rCorr Slay-2 SInv} (You bought it in a shop on level 7 of the Dungeon)
  4120 | D:7      | Quit the game

Skill      XL: |  1  2  3  4  5  6  7  8 |
---------------+-------------------------+-----
Unarmed Combat | 4 5 6 8 9 12 | 12.8
Fighting       | |  2.4
Dodging        | |  2.4
Stealth        | |  1.0

Action                   |  1- 3 |  4- 6 |  7- 9 || total
-------------------------+-------+-------+-------++-------
Melee: Unarmed           |    64 |   112 |   201 ||   377
       Punch             |     2 |     1 |     5 ||     8
Invok: Lesser Servant of |       |       |     1 ||     1
  Use: Scroll            |       |       |    13 ||    13
 Stab: Sleeping          |     1 |     1 |     2 ||     4
  Eat: Chunk             |     8 |     6 |     9 ||    23
       Bread ration      |       |       |     3 ||     3
Armor: Robe              |    17 |    29 |    50 ||    96
Dodge: Dodged            |    24 |    49 |    79 ||   152
